 Dungeon Crawl Stone Soup version 0.25.1-4-g9407a263a5 (webtiles) character file.

Game seed: 7801931979650847722

37 AuftragZ the Stinger (level 3, -5/25 HPs)
             Began as a Demonspawn Venom Mage on Nov 26, 2020.
             Slain by Sigmund
             ... wielding a +0 scythe
              (9 damage)
             ... on level 2 of the Dungeon.
             The game lasted 00:04:54 (1360 turns).

AuftragZ the Stinger (Demonspawn Venom Mage)        Turns: 1360, Time: 00:04:55

Health: -5/25      AC:  2    Str:  8    XL:     3   Next: 23%
Magic:  2/6        EV: 12    Int: 17    God:
Gold:   51         SH:  0    Dex: 13    Spells: 4/7 levels left

rFire    . . .     SeeInvis .   e - +0 club
rCold    . . .     Gourm    .   (no shield)
rNeg     . . .     Faith    .   a - +0 robe
rPois    .         Spirit   .   (helmet restricted)
rElec    .         Reflect  .   (no cloak)
rCorr    .         Harm     .   (no gloves)
MR       .....                  (no boots)
Stlth    ++........             (no amulet)
HPRegen  0.08/turn              (no ring)
MPRegen  0.10/turn              (no ring)

@: no status effects
A: horns 1
a: no special abilities


You were on level 2 of the Dungeon.
You were not hungry.

You visited 1 branch of the dungeon, and saw 2 of its levels.

You collected 51 gold pieces.

Inventory:

Hand Weapons
 e - a +0 club (weapon)
Missiles
 o - 14 poisoned darts (quivered)
Armour
 a - a +0 robe (worn)
Jewellery
 l - an uncursed ring of ice {unknown}
Scrolls
 b - a scroll of random uselessness {unknown}
 d - a scroll of identify {unknown}
 g - a scroll of immolation {unknown}
 k - a scroll of fog {unknown}
Potions
 f - a potion of might {unknown}
 i - 2 potions of haste {unknown}
 m - a potion of lignification {unknown}
 n - a potion of berserk rage {unknown}
Comestibles
 c - a ration
 j - a chunk of flesh


   Skills:
 + Level 0.9 Fighting
 + Level 2.0 Dodging
 + Level 1.7 Stealth
 + Level 2.6 Spellcasting
 + Level 0.9 Transmutations
 + Level 3.5 Poison Magic


You had 4 spell levels left.
You knew the following spells:

 Your Spells              Type           Power        Failure   Level  Hunger
a - Sting                 Tmut/Pois      #...         8%          1    #......
b - Poisonous Vapours     Pois/Air       #.....       13%         2    ##.....

Your spell library contained the following spells:

 Spells                   Type           Power        Failure   Level  Hunger
 Ignite Poison            Fire/Tmut/Pois #.......     30%         3    ###....
 Mephitic Cloud           Conj/Pois/Air  #.......     32%         3    ###....
 Olgreb's Toxic Radiance  Pois           ##......     38%         4    #####..


Dungeon Overview and Level Annotations

Branches:
Dungeon (2/15)

Altars:

Annotations:
D:2 Sigmund, Terence


Innate Abilities, Weirdness & Mutations

You have a pair of small horns on your head.


Message History

Found 2 gold pieces.
You see here a stone.
The quokka barely misses you.
The kobold throws a stone.
The stone hits you.
You see here a stone.
The kobold hits you but does no damage. The quokka misses you.
The kobold hits you but does no damage.
You barely miss the kobold.
The quokka bites you but does no damage.
The kobold misses you. The quokka misses you.
You hit the kobold.
The kobold is heavily wounded.
The quokka barely misses you. The kobold completely misses you.
Something hits you.
* * * LOW HITPOINT WARNING * * *
You hit the kobold but do no damage.
The kobold is heavily wounded.
The quokka bites you.
* * * LOW HITPOINT WARNING * * *
The kobold closely misses you. Something hits you!
You die...

##. ..#.. ./.# ...#
...# .># ...# #..# ..##
#..###?.###...##
#............r
######......##.##.#
$......#..#....##.#####
##{r.#...........#
#..#@K..####.###.#
##(####<.####.#
#.(.(....(.(..#
#..............#
#..K..............#
##......?..........#
#.(..........).....#
............<.......#
###.#.................%


You could see a quokka and a kobold.

Vanquished Creatures
  An adder (D:2)
  2 dart slugs (D:1)
  5 giant cockroaches (D:1)
  2 goblins (D:1)
  5 hobgoblins (D:1)
  3 bats (D:1)
  2 kobolds
  3 rats (D:1)
23 creatures vanquished.

Notes
Turn   | Place    | Note
-------+----------+-------------------------------------------
     0 | D:1      | AuftragZ the Demonspawn Venom Mage began the quest for the
                  | Orb.
     0 | D:1      | Reached XP level 1. HP: 13/13 MP: 3/3
   361 | D:1      | Gained mutation: You have a pair of small horns on your
                  | head. [demonic ancestry]
   361 | D:1      | Reached XP level 2. HP: 19/19 MP: 3/5
   365 | D:1      | Learned a level 2 spell: Poisonous Vapours
  1250 | D:2      | Noticed Terence
  1333 | D:2      | Noticed Sigmund
  1340 | D:2      | Reached XP level 3. HP: 17/25 MP: 0/6
  1360 | D:2      | Slain by Sigmund

Illustrated notes

Levels and vault maps discovered:
D:1:      dpeg_arrival_round_c, layout_basic
D:2:      layout_rooms, nicolae_overflow_hidden_temple, uniq_sigmund,
          uniq_robin, uniq_terence

Skill      XL: |  1  2 |
---------------+-------+-----
Dodging        | 2 |  2.0
Fighting       | |  0.9
Stealth        | |  1.7
Spellcasting   | |  2.6
Transmutations | |  0.9
Poison Magic   | |  3.5

Action                   || total
-------------------------++-------
Melee: Unarmed           ||     3
       Club              ||    15
       Headbutt          ||     1
Throw: Dart              ||     3
 Cast: Sting             ||    21
       Poisonous Vapours ||    11
  Use: Potion            ||     2
  Eat: Chunk             ||     2
Armor: Robe              ||    12
Dodge: Dodged            ||    37
